 Dungeon Crawl Stone Soup version 0.32-a0-599-gba8f9cf90e (webtiles) character file.

Game seed: 1861176541159555472

1071 ragingrage the Slicer (level 8, 0/102 HPs)
             Began as a Formicid Delver on Mar 3, 2024.
             Was a High Priest of Uskayaw.
             Slain by a gnoll sergeant
             ... wielding a +6 vampiric spear
              (9 damage)
             ... on level 6 of the Dungeon.
             The game lasted 00:05:31 (4330 turns).

ragingrage the Slicer (Formicid Delver)             Turns: 4330, Time: 00:05:32

Health: 0/102      AC: 24    Str: 17    XL:     8   Next: 53%
Magic:  8/8        EV:  2    Int: 10    God:    Uskayaw [*****.]
Gold:   251        SH:  0    Dex: 15    Spells: 7/7 levels left

rFire   . . .        b - +2 dagger (drain)
rCold   . . .        (no shield)
rNeg    . . .        B - melded +4 scale mail {rF+}
rPois   +            (helmet unavailable)
rElec   .            (cloak currently unavailable)
rCorr   +            (gloves currently unavailable)
SInv    .            (boots currently unavailable)
Will    .....        (no amulet)
Stlth   +++          i - ring of resist corrosion
HPRegen 0.37/turn    q - +4 ring of slaying
MPRegen 0.11/turn

%: no passive effects
@: tree-form
A: stationary, stasis, torment immunity, boosted hp, permanent stasis, dig
shafts and tunnels, (antennae 3), four strong arms, clumsy 1, robust 1,
(electricity resistance), evolution 1
a: Renounce Religion, Stomp, Line Pass, Grand Finale


You were on level 6 of the Dungeon.
You worshipped Uskayaw.
Uskayaw was noncommittal.
You were a tree.
You visited 2 branches of the dungeon, and saw 7 of its levels.

You collected 251 gold pieces.

Inventory:

Hand Weapons
 a - a +0 scimitar
 b - a +2 dagger of draining (weapon)
 g - a +0 dagger
 l - a +0 short sword
 p - a +0 sling
 y - a +2 dagger of protection
Missiles
 h - 5 curare-tipped darts
 j - 2 throwing nets
 r - 10 poisoned darts
 E - 4 boomerangs
Armour
 u - a +2 robe of resistance
 B - a +4 scale mail of fire resistance (melded)
 C - a +0 cloak
Jewellery
 i - a ring of resist corrosion (left branch)
 q - a +4 ring of slaying (right branch)
 s - a +6 ring of strength
Wands
 f - a wand of digging (3)
 G - a wand of roots (10)
Scrolls
 c - a scroll of fog
 d - 3 scrolls of revelation
 e - a scroll of fear
 n - 3 scrolls of enchant armour {unknown}
 t - a scroll of amnesia {unknown}
 D - a scroll of acquirement {unknown}
 F - a scroll of enchant weapon {unknown}
 H - a scroll of blinking {unknown}
 I - a scroll of identify {unknown}
Potions
 k - 2 potions of heal wounds {unknown}
 m - a potion of degeneration {unknown}
 o - 3 potions of lignification
 v - 2 potions of haste {unknown}
 w - a potion of mutation
 x - 2 potions of resistance {unknown}
 z - 2 potions of curing {unknown}
 A - a potion of ambrosia {unknown}


   Skills:
 - Level 5.0 Fighting
 + Level 8.2(8.4) Short Blades
 - Level 2.5(5.8) Long Blades
 - Level 2.0 Throwing
 - Level 1.7 Dodging
 - Level 6.0 Stealth


You had 7 spell levels left.
You didn't know any spells.
Your spell library contained the following spells:

 Spells                   Type           Power      Damage    Failure   Level
 Hailstorm                Conj/Ice       0%         3d5       75%         3
 Summon Ice Beast         Ice/Summ       0%         N/A       75%         3
 Sculpt Simulacrum        Ice/Alch       0%         N/A       100%        6


Dungeon Overview and Level Annotations

Branches:
Dungeon (6/15)             Temple (1/1) D:5

Altars:
Ashenzari
Dithmenos
Gozag
Hepliaklqana
Makhleb
Nemelex Xobeh
Okawaru
Qazlal
Sif Muna
Uskayaw
Wu Jian
Xom
Yredelemnul
Zin


Innate Abilities, Weirdness & Mutations

You are a tree.
Your roots penetrate the ground, keeping you stationary.
You cannot be teleported.
You are immune to unholy pain and torment.
Your maximum health is greatly increased.
Your equipment is partially melded.
You cannot be hasted, slowed, berserked, paralysed or teleported.
You can dig through walls and to a lower floor.
((You have a pair of large antennae on your head. (SInv)))
Your four strong arms can wield two-handed weapons with a shield.
You are clumsy. (Dex -2)
You are robust. (+10% HP)
((You are resistant to electric shocks. (rElec)))
You have hidden genetic potential.


Message History

The gnoll barely misses you.
The gnoll sergeant hits you but does no damage.
You hit the gnoll sergeant. You drain the gnoll sergeant.
You can now merge with and destroy a victim.
You hit the gnoll sergeant. The gnoll misses you.
The gnoll sergeant hits you with a +6 vampiric spear!
* * * LOW HITPOINT WARNING * * *
The gnoll sergeant draws strength from your wounds!
You closely miss the gnoll sergeant. You hit the gnoll sergeant.
The gnoll closely misses you. The gnoll sergeant closely misses you.
You hit the gnoll sergeant but do no damage.
The gnoll hits you with a +0 halberd!
* * * LOW HITPOINT WARNING * * *
The gnoll sergeant hits you with a +6 vampiric spear.
* * * LOW HITPOINT WARNING * * *
The gnoll sergeant draws strength from your wounds!
It was a potion of lignification.
You turn into a tree.
Your +4 scale mail of fire resistance melds into your body.
You feel less resistant to fire.
Your roots penetrate the ground.
The gnoll sergeant hits you but does no damage.
The gnoll hits you but does no damage.
It was a potion of mutation.
You feel extremely strange.
You feel clumsy.
You feel robust.
You feel a hidden potential growing inside you.
You feel insulated. The gnoll hits you but does no damage.
The gnoll sergeant hits you but does no damage.
You hit the gnoll sergeant but do no damage.
Aiming: Fastroot
Press: ? - help, Shift-Dir - straight line, f - you The roots erupt in riotous growth!
Roots grab the gnoll.
Roots grab the gnoll sergeant.
The grasping roots constrict the gnoll.
The grasping roots constrict the gnoll sergeant.
You hear an angry hiss.
The gnoll hits you but does no damage.
The gnoll sergeant hits you with a +6 vampiric spear!
You die...
Your body falls in perfect tune with the rhythm.

........#################
.##............#........#
..##...#######.#.######.#
...##### #...# ....
##.#.##### ...##
#####.###....# ..##
.......#)###.# .####
#####?.####.# .....
......))♣g>..# .....
.#####.g###### ..# #...
..# ##.# ..# #.# #.# ..#
{ #.# #.# #.# ##.# #.#
#.###.##.# #. ......##.#


You could see a gnoll sergeant (rooted, drained) and a gnoll (rooted).

Vanquished Creatures
  An ice beast (D:5)
  A sky beast (D:4)
  A black bear (D:4)
  4 scorpions
  2 jellies (D:5)
  2 howler monkeys (D:5)
  3 hounds
  Terence (D:3)
  An orc wizard (D:4)
  Robin (D:3)
  7 gnolls
  10 adders
  3 ribbon worms
  2 dart slugs
  10 orcs
  8 ball pythons
  5 endoplasms
  A giant cockroach (D:3)
  16 goblins
  12 hobgoblins
  A kobold (D:2)
  2 quokkas
  3 bats
  6 frilled lizards
  4 rats
107 creatures vanquished.

Notes
Turn   | Place    | Note
-------+----------+-------------------------------------------
     0 | D:5      | ragingrage the Formicid Delver began the quest for the Orb.
     0 | D:5      | Reached XP level 1. HP: 18/18 MP: 1/1
    25 | D:5      | Noticed a jelly
    90 | D:5      | Noticed a howler monkey
    92 | D:5      | Killed a howler monkey
    93 | D:5      | Reached skill level 3 in Short Blades
    93 | D:5      | Reached XP level 2. HP: 24/24 MP: 2/2
    93 | D:5      | Reached XP level 3. HP: 29/29 MP: 3/3
   107 | D:4      | Noticed a black bear
   115 | D:4      | Reached skill level 4 in Short Blades
   115 | D:4      | Reached XP level 4. HP: 31/35 MP: 4/4
   148 | D:4      | Killed a black bear
   149 | D:4      | Reached skill level 5 in Short Blades
   149 | D:4      | Reached XP level 5. HP: 41/41 MP: 5/5
   731 | D:1      | Reached skill level 1 in Long Blades
  1246 | D:1      | Reached XP level 6. HP: 47/47 MP: 6/6
  2028 | D:3      | Noticed Terence
  2144 | D:3      | Found a burning altar of Makhleb.
  2209 | D:3      | Noticed Robin
  2228 | D:3      | Killed Robin
  2251 | D:3      | Killed Terence
  2252 | D:3      | Reached skill level 1 in Throwing
  2605 | D:4      | Reached XP level 7. HP: 40/54 MP: 7/7
  2775 | D:4      | Reached skill level 6 in Short Blades
  3019 | D:4      | Reached skill level 5 in Fighting
  3237 | D:5      | Reached XP level 8. HP: 61/62 MP: 8/8
  3254 | D:5      | Reached skill level 7 in Short Blades
  3297 | D:5      | Found a basalt altar of Yredelemnul.
  3387 | D:5      | Found a hide-covered altar of Uskayaw.
  3473 | D:5      | Found a staircase to the Ecumenical Temple.
  3507 | Temple   | Entered the Ecumenical Temple
  3595 | D:5      | Became a worshipper of Uskayaw the Reveller
  3774 | D:5      | Reached * piety under Uskayaw
  4107 | D:5      | Reached skill level 8 in Short Blades
  4309 | D:6      | Reached ** piety under Uskayaw
  4311 | D:6      | Reached *** piety under Uskayaw
  4316 | D:6      | Reached **** piety under Uskayaw
  4322 | D:6      | Reached ***** piety under Uskayaw
  4328 | D:6      | Gained mutation: You are clumsy. (Dex -2) [potion of
                  | mutation]
  4328 | D:6      | Gained mutation: You are robust. (+10% HP) [potion of
                  | mutation]
  4328 | D:6      | Gained mutation: You have hidden genetic potential. [potion
                  | of mutation]
  4328 | D:6      | Gained mutation: You are resistant to electric shocks.
                  | (rElec) [potion of mutation]
  4330 | D:6      | Slain by a gnoll sergeant

Illustrated notes

Levels and vault maps discovered:
D:1:      lightli_arrival_maybe_door_vault, layout_loops_ring, serial_rivers,
          chequers_serial_rivers_marsh, chequers_serial_rivers_micro_c,
          chequers_serial_rivers_room_a, chequers_serial_rivers_micro_d,
          chequers_serial_rivers_small_a, chequers_serial_rivers_large_a
D:2:      layout_loops_ring, kennysheep_generic_room_7
D:3:      layout_rooms, lightli_temple_of_fire, kennysheep_generic_room_16,
          uniq_terence, uniq_robin
D:4:      layout_cave_pools, serial_bayou, serial_bayou_shore_a,
          serial_bayou_pond_d, serial_bayou_pond_d, serial_bayou_shore_b,
          serial_bayou_lake_a
D:5:      layout_basic, pf_just_have_faith, lemuel_coloured_pillars_altar,
          temple_pool_b, interstate_on_off, dreamdust_princess_bridge,
          chequers_jeans, grunt_decor_clamped
D:6:      layout_loops_ring, nicolae_overflow_squiral,
          mainiacjoe_overflow_catwalk, billiards_dpeg
Temple:   chequers_temple_sunken

Skill      XL: |  1  2  3  4  5  6  7  8 |
---------------+-------------------------+-----
Short Blades   | 3 4 5 6 8 |  8.2
Long Blades    | 1 2 |  2.5
Throwing       | 1 2 |  2.0
Fighting       | 4 5 |  5.0
Dodging        | |  1.7
Stealth        | |  6.0

Action                     |  1- 3 |  4- 6 |  7- 9 || total
---------------------------+-------+-------+-------++-------
  Melee: Short sword       |    24 |    26 |       ||    50
         Dagger            |       |   161 |   117 ||   278
         Scimitar          |       |    29 |       ||    29
  Throw: Dart              |     2 |     1 |       ||     3
Ability: Dig               |       |     1 |       ||     1
  Evoke: Wand              |       |       |     1 ||     1
    Use: Potion            |       |       |     2 ||     2
   Stab: Sleeping          |     1 |    13 |     1 ||    15
         Distracted        |       |       |     1 ||     1
         Paralysed         |       |       |     1 ||     1
 Armour: Leather armour    |     5 |    45 |       ||    50
         Robe              |       |    26 |       ||    26
         Scale mail        |       |    17 |    54 ||    71
         Skin              |       |       |     6 ||     6
  Dodge: Dodged            |    21 |    99 |    34 ||   154

Table legend: (Time is in decaauts)
 A = Elapsed time spent in this place.
 B = Non-inter-level travel time spent in this place.
 C = Inter-level travel time spent in this place.
 D = Time resting spent in this place.
 E = Time spent auto-exploring this place.
 F = Levels seen in this place.
 G = Mean time per level.
                   A        B        C        D        E       F      G
               +--------+--------+--------+--------+--------+-----+--------+
         Total |   4291 |   3830 |    461 |     50 |   2838 |   7 |  613.0 |
       Dungeon |   4233 |   3826 |    407 |     50 |   2838 |   6 |  705.5 |
        Temple |     57 |      3 |     54 |      0 |      0 |   1 |   57.0 |
               +--------+--------+--------+--------+--------+-----+--------+

Top non-repeatable levels by time:
     D:5: 971 daAuts
     D:4: 870 daAuts
     D:2: 802 daAuts
     D:1: 748 daAuts
     D:3: 682 daAuts
     D:6: 159 daAuts
  Temple: 57 daAuts
